Map: Lightshade LE

Players

Neeb - Winner!

  • Race: Protoss Protoss

Asuna

  • Race: Protoss Protoss

Event: DreamHack SC2 Masters 2021 Winter

VOD

Have the link to the VOD?

Description

Time

  • Played on: Oct. 15, 2021, 3:14 p.m.
  • Length: 5:32

All games in this series

Show
View Real Time Build Order
Export as new Build Order

Neeb Protoss - Winner!

Build Orders:  

Get SALT Encoding   

  12  0:00  Probe  
  13  0:12  Probe  
  14  0:17  Pylon  
  14  0:24  Probe (Chrono Boost)  
  15  0:36  Gateway, Probe (Chrono Boost)  
  16  0:44  Probe (Chrono Boost)  
  16  0:45  Assimilator  
  17  0:51  Probe  
  17  0:55  Assimilator  
  18  1:03  Probe (Chrono Boost)  
  19  1:07  Gateway  
  19  1:15  Probe (Chrono Boost)  
  20  1:22  Probe (Chrono Boost)  
  21  1:25  Cybernetics Core  
  21  1:29  Probe  
  22  1:37  Pylon  
  22  1:41  Probe  
  23  1:55  Probe  
  24  2:02  Stalker x2  
  28  2:12  Warp Gate (Chrono Boost)  
  28  2:13  Pylon  
  28  2:32  Stalker x2  
  28  2:36  Pylon  
  32  2:42  Gateway  
  32  2:50  Shield Battery  
  32  2:57  Gateway  
  32  3:04  Stalker  
  34  3:12  Stalker  
  34  3:31  Pylon  
  34  3:32  Shield Battery  
  34  3:54  Stalker x3  
  40  4:19  Stalker x4  
  48  4:40  Pylon  
  48  4:48  Stalker x3  
  48  5:10  Stalker  
  48  5:15  Stalker x2  
  50  5:26  Stalker  
Show
View Real Time Build Order
Export as new Build Order

Asuna Protoss 

Build Orders: Proxy Void Ray 

Get SALT Encoding   

  12  0:00  Probe  
  13  0:13  Pylon  
  13  0:18  Probe  
  14  0:32  Gateway  
  14  0:33  Probe (Chrono Boost)  
  16  0:43  Assimilator, Probe (Chrono Boost)  
  16  0:48  Probe (Chrono Boost)  
  17  0:56  Assimilator  
  17  0:59  Probe  
  18  1:11  Probe  
  19  1:19  Cybernetics Core  
  19  1:20  Zealot  
  19  1:23  Probe  
  22  1:31  Pylon  
  22  1:35  Probe  
  23  1:55  Stargate  
  23  1:57  Shield Battery  
  23  2:04  Shield Battery  
  23  2:08  Stalker  
  23  2:15  Shield Battery  
  25  2:22  Probe  
  26  2:32  Void Ray (Chrono Boost), Shield Battery  
  30  2:48  Pylon  
  30  2:50  Probe  
  31  3:01  Shield Battery  
  31  3:02  Void Ray (Chrono Boost)  
  35  3:21  Pylon  
  35  3:29  Void Ray (Chrono Boost)  
  39  3:55  Probe  
  40  4:01  Robotics Facility  
  40  4:02  Void Ray (Chrono Boost)  
  40  4:09  Pylon  
  44  4:15  Shield Battery  
  44  4:16  Shield Battery  
  44  4:35  Shield Battery  

Tags
 
Add a new tag
Caveats
  • Supply blocks, unpowered buildings, or Contaminate may cause inaccurate times.
  • Supply counts are checked every 10 seconds.